[Event "36th National Sub Junior 2019"]
[Site "Tiruchengode"]
[Date "2019.07.12"]
[Round "5.3"]
[White "Sai Divya M"]
[Black "Chinnam Vyshnavi"]
[Result "1-0"]
[ECO "A58"]
[WhiteElo "1784"]
[BlackElo "1664"]
[Annotator "NA"]
[PlyCount "101"]
[EventDate "2019.07.09"]
[EventCountry "IND"]
[SourceTitle "playchess.com"]
[Source "ChessBase"]
[SourceQuality "1"]
[TimeControl "5400+30"]

1. d4 Nf6 2. c4 c5 3. d5 b5 4. cxb5 a6 5. bxa6 g6 6. Nc3 Bxa6 7. g3 d6 8. Bg2 Bg7 9. Nf3 Nbd7 10. O-O Nb6 11. Re1 Bc4 12. e4 Nfd7 13. Qc2 O-O 14. b3 Ba6 15. Bb2 Qb8 16. Nd1 Nf6 17. Ne3 Rc8 18. Nd2 Ra7 19. Rec1 Rb7 20. Bh3 Rcc7 21. Rab1 Nc8 22. Ndc4 Qa8 23. Bc3 Bb5 24. Ba5 Rd7 25. Bxd7 Nxd7 26. a4 Ba6 27. Bc3 f6 28. Na5 Rc7 29. Nc6 Ndb6 30. b4 Bb7 31. a5 Nd7 32. b5 Nf8 33. a6 Bxc6 34. dxc6 Nb6 35. Ba5 Qa7 36. Bxb6 Qxb6 37. Nd5 Qb8 38. Nxc7 Qxc7 39. b6 Qxc6 40. b7 Bh6 41. b8=Q Bxc1 42. Rxc1 Qxa6 43. Qc4+ Qxc4 44. Rxc4 Kg7 45. Qe8 d5 46. Qxe7+ Kh6 47. Qxf8+ Kh5 48. Qxf6 g5 49. exd5 g4 50. h4 gxh3 51. Rh4# 1-0

[Event "36th National Sub Junior 2019"]
[Site "Tiruchengode"]
[Date "2019.07.12"]
[Round "5.4"]
[White "Rebecca Jesumarian"]
[Black "Bhagyashree Patil"]
[Result "0-1"]
[ECO "E18"]
[WhiteElo "1566"]
[BlackElo "1703"]
[Annotator "NA"]
[PlyCount "82"]
[EventDate "2019.07.09"]
[EventCountry "IND"]
[SourceTitle "playchess.com"]
[Source "ChessBase"]
[SourceQuality "1"]
[TimeControl "5400+30"]

1. d4 d5 2. c4 e6 3. Nf3 Nf6 4. g3 Be7 5. Bg2 O-O 6. O-O b6 7. cxd5 exd5 8. Nc3 Bb7 9. Bf4 Nbd7 10. Rc1 c5 11. dxc5 bxc5 12. Nh4 Nh5 13. Nxd5 Bxh4 14. gxh4 Bxd5 15. Bxd5 Nxf4 16. Bxa8 Qxa8 17. f3 Qc6 18. Kh1 Re8 19. e4 Ne5 20. Rc3 c4 21. b3 Qf6 22. bxc4 Rd8 23. Qc2 Ned3 24. Rb3 Qxh4 25. c5 Qh3 26. Rbb1 Nxc5 27. Qf2 Ncd3 28. Qg3 Qh6 29. Rbd1 g6 30. Rd2 Rc8 31. Rfd1 Rc5 32. Qg1 Rg5 33. Qf1 Rh5 34. Rc2 Ne5 35. Rd8+ Kg7 36. Qa1 Qg5 37. Rd1 Qh4 38. Rf1 Qh3 39. a3 Kh6 40. Qc1 Rg5 41. Qd1 Rg2 0-1

[Event "36th National Sub Junior 2019"]
[Site "Tiruchengode"]
[Date "2019.07.12"]
[Round "5.5"]
[White "Dhyana Patel"]
[Black "Shrija, K M"]
[Result "1-0"]
[ECO "C69"]
[WhiteElo "1900"]
[BlackElo "1535"]
[Annotator "NA"]
[PlyCount "93"]
[EventDate "2019.07.09"]
[EventCountry "IND"]
[SourceTitle "playchess.com"]
[Source "ChessBase"]
[SourceQuality "1"]
[TimeControl "5400+30"]

1. e4 e5 2. Nf3 Nc6 3. Bb5 a6 4. Bxc6 dxc6 5. O-O f6 6. d4 exd4 7. Nxd4 c5 8. Nb3 Qxd1 9. Rxd1 Bg4 10. f3 Be6 11. Bf4 c4 12. Nd4 O-O-O 13. Nc3 Bf7 14. Nf5 Rxd1+ 15. Rxd1 g6 16. Ne3 Ne7 17. Kf1 b6 18. Ke2 Bg7 19. Ncd5 Nxd5 20. Nxd5 Bxd5 21. Rxd5 Rd8 22. Rxd8+ Kxd8 23. Ke3 c5 24. g4 Kd7 25. c3 g5 26. Bg3 Ke6 27. h4 h6 28. f4 b5 29. f5+ Kd7 30. Bb8 Kc6 31. hxg5 hxg5 32. Bg3 Bh8 33. Bh2 Bg7 34. Bb8 b4 35. a3 bxc3 36. bxc3 Kb5 37. Bd6 Kc6 38. Be7 Bh8 39. e5 fxe5 40. Ke4 Kd7 41. Bxg5 Kd6 42. Bh6 Kd7 43. g5 Ke7 44. f6+ Kf7 45. Kf5 Bxf6 46. gxf6 e4 47. Be3 1-0

[Event "36th National Sub Junior 2019"]
[Site "Tiruchengode"]
[Date "2019.07.12"]
[Round "6.1"]
[White "Mrudul Dehankar"]
[Black "Jyothsna L"]
[Result "1/2-1/2"]
[ECO "A06"]
[WhiteElo "2074"]
[BlackElo "1939"]
[Annotator "NA"]
[PlyCount "60"]
[EventDate "2019.07.09"]
[EventCountry "IND"]
[SourceTitle "playchess.com"]
[Source "ChessBase"]
[SourceQuality "1"]
[TimeControl "5400+30"]

1. Nf3 d5 2. b3 c6 3. Bb2 Bf5 4. e3 e6 5. Be2 Nd7 6. d3 h6 7. Nbd2 Ngf6 8. O-O Be7 9. c4 O-O 10. a3 a5 11. Bc3 Qb6 12. Qc2 Rfd8 13. Qb2 Bh7 14. Rfd1 Nc5 15. Bd4 Qc7 16. Ne5 Ne8 17. b4 axb4 18. axb4 Nd7 19. c5 f6 20. Nxd7 Qxd7 21. f4 Nc7 22. Rxa8 Rxa8 23. Ra1 Qc8 24. Rxa8 Qxa8 25. Qa1 Qxa1+ 26. Bxa1 Na6 27. Bc3 Bd8 28. Nb3 Kf7 29. d4 Bc2 30. Na1 Ba4 1/2-1/2

[Event "36th National Sub Junior 2019"]
[Site "Tiruchengode"]
[Date "2019.07.12"]
[Round "6.2"]
[White "Divya Deshmukh"]
[Black "Sai Divya M"]
[Result "1/2-1/2"]
[ECO "B85"]
[WhiteElo "2373"]
[BlackElo "1784"]
[Annotator "ChessBase"]
[PlyCount "118"]
[EventDate "2019.07.09"]
[EventCountry "IND"]
[SourceTitle "playchess.com"]
[Source "ChessBase"]
[SourceQuality "1"]
[TimeControl "5400+30"]

1. e4 c5 2. Nf3 e6 3. d4 cxd4 4. Nxd4 Nc6 5. Nc3 Qc7 6. Be2 a6 7. O-O Nf6 8. Be3 Be7 9. f4 d6 10. Bf3 O-O 11. Qe1 Bd7 12. Qg3 Nxd4 13. Bxd4 Bc6 14. Kh1 b5 15. Rae1 b4 16. Nd1 Qb7 17. Nf2 Rfd8 18. b3 a5 19. Nd3 Rac8 20. Ba1 Qb6 21. e5 dxe5 22. fxe5 Nd5 23. Bxd5 Bxd5 24. Re2 Rc7 25. Ref2 Bf8 26. Nf4 Be4 27. c4 bxc3 28. Bxc3 Rdc8 29. Ne2 Bc5 30. Rf4 Bg6 31. Qe1 Ra7 32. h4 Bd3 33. R1f3 Bg6 34. Ng3 Rd8 35. Kh2 Bd3 36. Ra4 Qb5 37. Rxa5 Rxa5 38. Bxa5 Ra8 39. Bc7 Rxa2 40. Qd1 Qb4 41. Kh3 Be7 42. Rf6 Rd2 43. Qf3 gxf6 44. Qa8+ Kg7 45. Ba5 Qa3 46. Nh5+ Kg6 47. Qg8+ Kf5 48. Bxd2 Qxb3 49. Ng3+ Kxe5 50. Qc8 f5 51. Bc3+ Kd6 52. Ba5 Qc4 53. Qb8+ Kd7 54. Qb7+ Ke8 55. Qb8+ Kd7 56. Qb7+ Ke8 57. Qa8+ Kd7 58. Qa7+ Kd6 59. Qb8+ Kd7 1/2-1/2

[Event "36th National Sub Junior 2019"]
[Site "Tiruchengode"]
[Date "2019.07.12"]
[Round "6.3"]
[White "Varsha Ramesh"]
[Black "Bhagyashree Patil"]
[Result "0-1"]
[ECO "C50"]
[WhiteElo "1814"]
[BlackElo "1703"]
[Annotator "NA"]
[PlyCount "90"]
[EventDate "2019.07.09"]
[EventCountry "IND"]
[SourceTitle "playchess.com"]
[Source "ChessBase"]
[SourceQuality "1"]
[TimeControl "5400+30"]

1. e4 e5 2. Nf3 Nc6 3. Bc4 Be7 4. d3 d6 5. a4 Nf6 6. h3 Be6 7. Bxe6 fxe6 8. Bg5 Qd7 9. Bxf6 Bxf6 10. O-O h5 11. Nh2 O-O-O 12. Nc3 Rdf8 13. Ne2 Bg5 14. d4 exd4 15. Nxd4 Bf4 16. Nhf3 e5 17. Nxc6 Qxc6 18. g3 Bh6 19. Qd3 Rf7 20. b4 Rhf8 21. Ne1 Qb6 22. a5 Qxb4 23. a6 b6 24. Qd5 Be3 25. Nd3 Qd4 26. c3 Qxd5 27. exd5 Bd2 28. c4 Rf3 29. Ra2 Rxd3 30. Rd1 Rff3 31. Rdxd2 Rxd2 32. Rxd2 Rc3 33. f4 Rxg3+ 34. Kh2 exf4 35. Re2 Re3 36. Rxe3 fxe3 37. Kg3 c6 38. h4 cxd5 39. cxd5 Kc7 40. Kf3 b5 41. Kxe3 Kb6 42. Kf4 b4 43. Ke3 Kxa6 44. Kd4 Kb5 45. Kd3 a5 0-1

[Event "36th National Sub Junior 2019"]
[Site "Tiruchengode"]
[Date "2019.07.13"]
[Round "7.1"]
[White "Bhagyashree Patil"]
[Black "Mrudul Dehankar"]
[Result "1/2-1/2"]
[ECO "B90"]
[WhiteElo "1703"]
[BlackElo "2074"]
[Annotator "NA"]
[PlyCount "77"]
[EventDate "2019.07.09"]
[EventCountry "IND"]
[SourceTitle "playchess.com"]
[Source "ChessBase"]
[SourceQuality "1"]
[TimeControl "5400+30"]

1. e4 c5 2. Nf3 d6 3. d4 cxd4 4. Nxd4 Nf6 5. Nc3 a6 6. Be3 e5 7. Nb3 Be7 8. f3 Be6 9. Qd2 Nbd7 10. O-O-O O-O 11. g4 b5 12. g5 Nh5 13. Rg1 {[%emt 0:05:50] B90: Sicilian Najdorf: Unusual White 6th moves, 6 Be3 Ng4 and 6 Be3 e5} (13. Kb1 Nb6 14. Na5 Rc8 15. a3 g6 16. h4 Ng3 17. Rh2 Nxf1 18. Rxf1 h5 19. Bxb6 Qxb6 20. Nd5 Bxd5 21. exd5 {½-½ (35) Navara,D (2739)-Wojtaszek,R (2722) Prague 2019}) 13... Nb6 14. Nd5 Nxd5 15. exd5 Bf5 16. Kb1 Rc8 17. Bd3 Bxd3 $146 ({Predecessor:} 17... Qd7 18. Na5 Bxd3 19. Qxd3 {0-1 (92) Jahncke,G (2106)-Rosner,J (2184) playchess.com INT 2009}) 18. Qxd3 f5 19. Bd2 Qc7 20. Rge1 Bd8 21. h4 Qf7 22. f4 e4 $1 23. Qe2 Bb6 24. Be3 Bxe3 25. Qxe3 Rfe8 26. Rd2 g6 27. Na5 Rc5 28. Red1 Qc7 29. Nc6 Qb6 30. Re1 (30. Nd4 $11 {remains equal.}) 30... b4 31. Rd4 Rb5 32. Qd2 Qc5 ({Black should play} 32... a5 $17) 33. Qe3 a5 34. Rc1 Rb6 (34... Qb6 $17) 35. Re1 Rb5 36. Rc1 Rb6 37. Re1 Kf8 38. Rc1 {[%emt 0:01:01] [#]} (38. Rf1 $15) 38... Kg8 $2 (38... Nxf4 $1 $19 39. Qxf4 Rxc6 {[%mdl 64] Remove Defender}) 39. Re1 $19 1/2-1/2

[Event "36th National Sub Junior 2019"]
[Site "Tiruchengode"]
[Date "2019.07.13"]
[Round "7.2"]
[White "Garima Gaurav"]
[Black "Divya Deshmukh"]
[Result "0-1"]
[ECO "A47"]
[WhiteElo "1713"]
[BlackElo "2373"]
[Annotator "ChessBase"]
[PlyCount "80"]
[EventDate "2019.07.09"]
[EventCountry "IND"]
[SourceTitle "playchess.com"]
[Source "ChessBase"]
[SourceQuality "1"]
[TimeControl "5400+30"]

1. d4 Nf6 2. Nf3 e6 3. e3 b6 4. Be2 Bb7 5. O-O Be7 6. b3 O-O 7. Bb2 d6 8. Nbd2 c5 9. c4 Nbd7 10. Bd3 Qc7 11. Rc1 Rac8 12. Qe2 Qb8 13. Rfd1 Qa8 14. h3 Rfd8 15. Bb1 Nf8 16. Re1 cxd4 17. exd4 d5 18. a3 a5 19. Bd3 Rc7 20. cxd5 Rxc1 21. Rxc1 Nxd5 22. Be4 Bf6 23. g3 Nd7 24. Ne5 Bxe5 25. dxe5 Nc5 26. Rd1 a4 27. b4 Nc3 28. Bxh7+ Kxh7 29. Bxc3 Ne4 30. Nxe4 Rxd1+ 31. Qxd1 Bxe4 32. Qd4 b5 33. Kf1 Bf5 34. Kg1 Kg8 35. Qh4 Qd5 36. Qd4 Qa8 37. Qh4 Be4 38. Kf1 Qd5 39. Ke1 Qd3 40. Bb2 Bf3 0-1

[Event "36th National Sub Junior 2019"]
[Site "Tiruchengode"]
[Date "2019.07.13"]
[Round "7.3"]
[White "Jyothsna L"]
[Black "Sai Divya M"]
[Result "0-1"]
[ECO "D95"]
[WhiteElo "1939"]
[BlackElo "1784"]
[Annotator "NA"]
[PlyCount "102"]
[EventDate "2019.07.09"]
[EventCountry "IND"]
[SourceTitle "playchess.com"]
[Source "ChessBase"]
[SourceQuality "1"]
[TimeControl "5400+30"]

1. d4 Nf6 2. Nf3 g6 3. c4 Bg7 4. Nc3 d5 5. e3 O-O 6. Qb3 c6 7. Bd2 Qb6 8. Qa3 {[%emt 0:07:32] D95: Grünfeld: 4 Nf3 Bg7 5 e3 0-0 6 Qb3} Re8 9. Rc1 (9. Be2 Bg4 10. cxd5 cxd5 11. h3 Bxf3 12. Bxf3 e6 13. Na4 Qc7 14. O-O Nc6 15. Rfc1 Rec8 {1-0 (78) Iturrizaga Bonelli,E (2625)-Oliva Castaneda,K (2488) Linares 2015}) 9... e6 $146 ({Predecessor:} 9... Bf8 10. Ne5 Bf5 11. Be2 Nbd7 12. O-O g5 13. cxd5 Nxe5 14. dxe5 Nxd5 15. e4 Nxc3 16. Rxc3 Bxe4 {½-½ (16) Chytilek,R (2334)-Neuman,P (2427) Czech Republic 2018}) 10. Qa4 Qd8 11. Qb3 Nbd7 12. Be2 Ne4 13. O-O f5 14. Nxe4 (14. Rfd1 $11) 14... dxe4 15. Ne1 Kh8 16. Nc2 b6 17. Bc3 Bb7 18. Rcd1 Qe7 19. a4 Rad8 20. a5 Rb8 21. Qa2 Qd6 22. b4 Qc7 23. Qa1 Re7 24. Rd2 Rd8 25. Rfd1 Nf8 {[%emt 0:01:36] [#]} 26. g3 (26. b5 $1 $16) 26... g5 ({Black should try} 26... Kg8 $14) 27. Ne1 ({White should try} 27. b5) 27... Kg8 28. Ng2 Ng6 29. Bh5 b5 30. Bxg6 hxg6 31. h4 gxh4 $11 32. Nxh4 Kh7 33. d5 Bxc3 34. Qxc3 exd5 35. Qf6 Qd6 36. Qg5 Rg7 37. Kg2 bxc4 38. Rh1 Kg8 39. Qh6 Kf7 40. Kg1 Qf6 41. Qf4 g5 42. Qxf5 gxh4 43. Qh5+ Ke7 44. Rxh4 Rg5 45. Qd1 Rh8 46. Rxe4+ dxe4 47. Rd7+ Ke8 48. Rxb7 Rd5 49. Rb8+ Ke7 50. Rb7+ Kd6 51. Qg4 Qa1+ 0-1

[Event "36th National Sub Junior 2019"]
[Site "Tiruchengode"]
[Date "2019.07.13"]
[Round "7.4"]
[White "Bristy Mukherjee"]
[Black "Poorna Sri M.K"]
[Result "0-1"]
[ECO "D03"]
[WhiteElo "1862"]
[BlackElo "1681"]
[Annotator "NA"]
[PlyCount "71"]
[EventDate "2019.07.09"]
[EventCountry "IND"]
[SourceTitle "playchess.com"]
[Source "ChessBase"]
[SourceQuality "1"]
[TimeControl "5400+30"]

1. d4 Nf6 2. Bg5 d5 3. e3 e6 4. Nd2 Be7 5. Bd3 h6 6. Bh4 Nbd7 7. f4 c5 8. c3 b6 9. Ngf3 Bb7 10. Ne5 O-O 11. O-O Ne4 {[%emt 0:03:29] D03: 1 d4 d5 2 Nf3 Nf6 3 Bg5, including Torre Attack with early ...d5} 12. Be1 (12. Bxe7 Qxe7 13. a4 Nxe5 14. fxe5 Qg5 15. Rf4 cxd4 16. cxd4 f5 17. exf6 Rxf6 18. Nf3 Qg6 19. Ne5 {0-1 (40) Yudin,S (2517)-Predke,A (2579) Samara 2017}) 12... Ndf6 $146 ({Predecessor:} 12... Nxe5 13. dxe5 Qc7 14. Qc2 f5 15. exf6 Nxf6 16. Bg3 c4 17. Bg6 Bc5 18. Rfe1 Ng4 19. Nf1 {0-1 (43) Webster,F-Velvart,P (2195) Balatonbereny 1992}) 13. Ndf3 Nd6 14. g4 Nfe4 15. Qe2 (15. Nd2 $15) 15... Qe8 16. Nh4 g5 17. fxg5 hxg5 18. Ng2 f6 19. Nf3 Kg7 20. h4 Rh8 21. Kh2 $19 (21. Nd2 $17 {might work better.}) 21... Nf7 22. Rh1 Qb8+ 23. Kg1 Ng3 24. Bxg3 Qxg3 25. Rf1 c4 26. Bc2 Qxg4 27. Qf2 Qh5 28. Rh3 Rag8 29. Nh2 Kf8 30. Bd1 Qh7 31. Ng4 f5 32. Bc2 gxh4 33. Nh2 Ng5 34. Bxf5 exf5 35. Qxf5+ Qxf5 36. Rxf5+ 0-1

[Event "36th National Sub Junior 2019"]
[Site "Tiruchengode"]
[Date "2019.07.13"]
[Round "7.5"]
[White "Nayanikaa Muralidharan"]
[Black "Arushi Kotwal"]
[Result "1/2-1/2"]
[ECO "D70"]
[WhiteElo "1475"]
[BlackElo "1744"]
[Annotator "NA"]
[PlyCount "135"]
[EventDate "2019.07.09"]
[EventCountry "IND"]
[SourceTitle "playchess.com"]
[Source "ChessBase"]
[SourceQuality "1"]
[TimeControl "5400+30"]

1. d4 Nf6 2. c4 g6 3. f3 d5 4. cxd5 Nxd5 5. e4 Nb6 6. Nc3 Bg7 7. Be3 O-O 8. Qd2 Nc6 9. O-O-O f5 10. e5 Nb4 11. Kb1 N4d5 12. Bf2 Nxc3+ 13. Qxc3 Be6 14. Bd3 a5 15. Ne2 Nd5 16. Qc1 Nb4 17. Bc4 Bxc4 18. Qxc4+ Qd5 19. Qxd5+ Nxd5 20. h4 Rfd8 21. f4 Rd7 22. g3 e6 23. Rc1 Bf8 24. Rhd1 Rad8 25. Be1 Ra8 26. Rd3 Be7 27. Rb3 c6 28. a3 Bd8 29. Bf2 Kg7 30. Rc2 Kh6 31. Rd3 Kh5 32. Rc1 Bb6 33. Rcd1 Rad8 34. Kc2 Rc8 35. Nc3 Nxc3 36. bxc3 Ba7 37. c4 b5 38. c5 Bb8 39. Be1 Bc7 40. Bc3 Ra8 41. Ra1 Kh6 42. Be1 Kg7 43. a4 b4 44. Kb3 Rh8 45. Ra2 Kf8 46. Rh2 h6 47. Bd2 Bd8 48. Be3 Be7 49. Rdd2 Bd8 50. Rd3 Rg8 51. Rdd2 Rdg7 52. Rdf2 Ke8 53. Rf1 Kd7 54. Rfh1 Ke8 55. Rh3 g5 56. hxg5 hxg5 57. Rh6 Kd7 58. Rh7 gxf4 59. Bxf4 Ke8 60. R1h6 Rg6 61. Rh8 Rxh8 62. Rxh8+ Kd7 63. Rh7+ Be7 64. Rh8 Bd8 65. Rh7+ Kc8 66. Rh8 Rg7 67. Rh6 Rg6 68. Rh7 1/2-1/2

[Event "36th National Sub Junior 2019"]
[Site "Tiruchengode"]
[Date "2019.07.14"]
[Round "8.1"]
[White "Divya Deshmukh"]
[Black "Bhagyashree Patil"]
[Result "1-0"]
[ECO "E16"]
[WhiteElo "2373"]
[BlackElo "1703"]
[Annotator "ChessBase"]
[PlyCount "79"]
[EventDate "2019.07.09"]
[EventCountry "IND"]
[SourceTitle "playchess.com"]
[Source "ChessBase"]
[SourceQuality "1"]
[TimeControl "5400+30"]

1. d4 d5 2. c4 e6 3. Nc3 Nf6 4. Nf3 Be7 5. g3 O-O 6. Bg2 b6 7. O-O Bb7 8. Ne5 Nbd7 9. Bf4 c6 10. Qc2 Nxe5 11. Bxe5 Nd7 12. Bf4 Bg5 13. Bxg5 Qxg5 14. e4 Rac8 15. cxd5 cxd5 16. Qa4 Rc7 17. e5 Qd2 18. Qb3 Ba6 19. Rad1 Qh6 20. Rfe1 Bc4 21. Qa3 Rfc8 22. Bf1 a5 23. Qd6 Rb7 24. Nb5 Bxf1 25. Rxf1 g6 26. Rd3 Nb8 27. Rc3 Rxc3 28. bxc3 Qf8 29. Rb1 Qc8 30. Kg2 Kg7 31. Qa3 Qc6 32. Nd6 Ra7 33. Qc1 Nd7 34. Qf4 Nf8 35. Rxb6 Qa8 36. Qf6+ Kg8 37. a4 Rc7 38. Ra6 Qb8 39. Rxa5 h6 40. Rc5 1-0

[Event "36th National Sub Junior 2019"]
[Site "Tiruchengode"]
[Date "2019.07.14"]
[Round "8.2"]
[White "Sai Divya M"]
[Black "Mrudul Dehankar"]
[Result "0-1"]
[ECO "E11"]
[WhiteElo "1784"]
[BlackElo "2074"]
[Annotator "NA"]
[PlyCount "180"]
[EventDate "2019.07.09"]
[EventCountry "IND"]
[SourceTitle "playchess.com"]
[Source "ChessBase"]
[SourceQuality "1"]
[TimeControl "5400+30"]

1. d4 Nf6 2. c4 e6 3. g3 Bb4+ 4. Bd2 c5 5. Bxb4 cxb4 6. Bg2 O-O 7. Nf3 d6 8. O-O Nc6 9. Nbd2 e5 10. d5 {[%emt 0:01:54] E11: Bogo-Indian} Nb8 11. e4 (11. a3 Na6 12. Ne1 Qb6 13. Nd3 Bf5 14. e4 Bg4 15. Bf3 Bxf3 16. Qxf3 Nd7 17. Qe3 Ndc5 18. Nxc5 Nxc5 {½-½ (31) Wang,Y (2739)-Ivanchuk,V (2779) Linares 2009}) 11... Na6 12. Ne1 Nc5 13. a3 bxa3 {[%emt 0:08:29] [#]} (13... Qb6 $11 {remains equal.}) 14. b4 $1 $146 ({Predecessor:} 14. Rxa3 Bg4 15. f3 Bd7 16. Kh1 a5 17. Nd3 Nxd3 18. Rxd3 {½-½ (28) Berkley,S (1683)-Fedorko,A (2067) IECC email 1999}) 14... Na6 15. Nd3 Bg4 16. f3 Bd7 17. Kh1 Qc8 ({Better is} 17... b5) 18. Qc2 Nc7 19. Nb3 Qd8 20. Rxa3 Qe7 21. Qf2 a6 22. Qb6 Bc8 23. Na5 Nfe8 24. f4 f5 25. exf5 e4 26. Nf2 Bxf5 27. Re3 Nf6 28. Rfe1 ({White should play} 28. Qxb7 $18 Rfe8 29. Nc6) 28... Ncxd5 29. cxd5 Nxd5 30. Qxb7 $17 (30. Qd4 $16 {is forced if you want to stay better.} Nxe3 31. Rxe3) 30... Qxb7 31. Nxb7 Nxe3 32. Rxe3 d5 33. Nc5 a5 34. Bxe4 dxe4 35. bxa5 Rxa5 36. Ncxe4 Ra2 37. Kg2 Rb8 38. Nc3 Rc2 39. Kf3 Bd7 40. h3 Bc6+ 41. Nce4 Rd8 42. Ng4 Rd4 43. Ne5 Bd5 44. f5 Rb4 45. Nd3 Rb1 46. Kf4 Rf1+ 47. Ke5 Bxe4 48. Kxe4 Rc8 49. Nf4 Re8+ 50. Ne6 g6 51. g4 Kf7 52. Ke5 Rf2 53. Ra3 gxf5 54. Ra7+ Re7 55. Rxe7+ Kxe7 56. gxf5 Re2+ 57. Kf4 Kf6 58. Ng5 Rf2+ 59. Nf3 h6 60. Kg4 h5+ 61. Kg3 Rf1 62. Kg2 Ra1 63. Kg3 Ra4 64. Nh4 Kg5 65. Nf3+ Kxf5 66. Nh4+ Ke4 67. Ng6 Ra6 68. Nf8 Kf5 69. Nd7 Ra4 70. Nb6 h4+ 71. Kf3 Ra3+ 72. Kg2 Rd3 73. Nc4 Kf4 74. Nb6 Rd2+ 75. Kg1 Kg3 76. Kf1 Kxh3 77. Nc4 Ra2 78. Ne3 Kg3 79. Nf5+ Kg4 80. Ne3+ Kf3 81. Nd1 Ra1 82. Ke1 h3 83. Kd2 h2 84. Nb2 h1=Q 85. Nc4 Qd1+ 86. Kc3 Rc1+ 87. Kb4 Qd4 88. Ka3 Qxc4 89. Kb2 Qc3+ 90. Ka2 Ra1# 0-1

[Event "36th National Sub Junior 2019"]
[Site "Tiruchengode"]
[Date "2019.07.14"]
[Round "8.3"]
[White "Poorna Sri M.K"]
[Black "Divyabharathi Masanam"]
[Result "1/2-1/2"]
[ECO "B35"]
[WhiteElo "1681"]
[BlackElo "1730"]
[Annotator "NA"]
[PlyCount "54"]
[EventDate "2019.07.09"]
[EventCountry "IND"]
[SourceTitle "playchess.com"]
[Source "ChessBase"]
[SourceQuality "1"]
[TimeControl "5400+30"]

1. e4 c5 2. Nf3 g6 3. d4 cxd4 4. Nxd4 Bg7 5. Nc3 Nc6 6. Be3 Nf6 7. Bc4 O-O 8. Bb3 Ng4 9. Qxg4 Nxd4 10. Qd1 Nxb3 11. axb3 a6 12. Nd5 d6 13. Bb6 Qd7 14. Ba5 Rb8 15. c3 b5 16. O-O Bb7 17. f4 e6 18. Nb6 Qc6 19. Qe2 Rfe8 20. Rfe1 Bf8 21. b4 Bh6 22. Qf2 Bf8 23. Qe2 Bh6 24. Qf2 Bf8 25. Qe2 Bh6 26. Qf2 Bf8 27. Qe2 Bh6 1/2-1/2

[Event "36th National Sub Junior 2019"]
[Site "Tiruchengode"]
[Date "2019.07.14"]
[Round "8.4"]
[White "Jain Nityata"]
[Black "Rindhiya V"]
[Result "1-0"]
[ECO "C47"]
[WhiteElo "2135"]
[BlackElo "1573"]
[Annotator "ChessBase"]
[PlyCount "115"]
[EventDate "2019.07.09"]
[EventCountry "IND"]
[SourceTitle "playchess.com"]
[Source "ChessBase"]
[SourceQuality "1"]
[TimeControl "5400+30"]

1. e4 e5 2. Nf3 Nc6 3. d4 exd4 4. Nxd4 Nf6 5. Nc3 Bb4 6. Nxc6 bxc6 7. Bd3 d5 8. exd5 cxd5 9. O-O O-O 10. Bg5 c6 11. Na4 h6 12. Bh4 Be7 13. Re1 Be6 14. c3 Nd7 15. Bg3 Nb6 16. Bc2 Bd7 17. Qd3 f5 18. Nxb6 axb6 19. Be5 Bf6 20. Bb3 Bxe5 21. Rxe5 Qf6 22. Rae1 Rae8 23. Rxe8 Rxe8 24. Rxe8+ Bxe8 25. Qe3 Bg6 26. Qxb6 f4 27. Qd4 Qf5 28. Qd1 f3 29. g3 Qd3 30. Qxd3 Bxd3 31. Ba4 c5 32. Bc6 Be2 33. Bxd5+ Kf8 34. b4 cxb4 35. cxb4 Ke7 36. Bc6 Kd6 37. b5 Kc5 38. a4 Kb6 39. g4 g5 40. h3 Bd1 41. Kh2 Bxa4 42. Kg3 Bc2 43. Kxf3 Bd3 44. Kg3 Bf1 45. h4 Be2 46. hxg5 hxg5 47. f4 gxf4+ 48. Kxf4 Bd3 49. Ke5 Kc5 50. g5 Bc2 51. Kf6 Kd6 52. g6 Bxg6 53. Kxg6 Kc7 54. Kf6 Kb6 55. Ke5 Kc7 56. Kd5 Kb6 57. Kc4 Ka5 58. Kc5 1-0

[Event "36th National Sub Junior 2019"]
[Site "Tiruchengode"]
[Date "2019.07.14"]
[Round "8.5"]
[White "Jyothsna L"]
[Black "Rebecca Jesumarian"]
[Result "1-0"]
[ECO "E91"]
[WhiteElo "1939"]
[BlackElo "1566"]
[Annotator "NA"]
[PlyCount "141"]
[EventDate "2019.07.09"]
[EventCountry "IND"]
[SourceTitle "playchess.com"]
[Source "ChessBase"]
[SourceQuality "1"]
[TimeControl "5400+30"]

1. d4 Nf6 2. Nf3 g6 3. c4 Bg7 4. Nc3 O-O 5. Bg5 c5 6. d5 d6 7. e4 b5 8. cxb5 a6 9. bxa6 (9. a4 $16) 9... Bxa6 10. Bxa6 Nxa6 11. O-O Qb6 12. Rb1 h6 13. Bh4 Qb7 14. Re1 Rfb8 15. a3 Nc7 16. h3 $14 Ra6 17. Nd2 Nb5 18. Nxb5 Qxb5 19. Re3 Qd7 20. Nc4 Ra4 21. Rb3 Rxb3 22. Qxb3 Ra8 23. Qe3 Qb5 24. b3 Ra7 25. Bxf6 Bxf6 26. Qxh6 g5 27. Qh5 Ra4 28. Qd1 Ra8 29. Qc2 Kg7 30. Rd1 Bd4 31. Rd3 f6 32. Rg3 Kf8 33. h4 gxh4 34. Rh3 Ke8 35. Rxh4 Kd7 36. Qd3 Rb8 37. Rh3 Kc7 38. Qf3 Re8 39. Qh5 Be5 40. Qf7 Qd7 41. Qg6 Rb8 42. Qf7 Re8 43. a4 Ra8 44. a5 Re8 45. Rh7 Qb5 46. Rh3 Qd7 47. Rh7 Qb5 48. g3 Bc3 49. Qe6 Qd7 50. Qf7 Qb5 51. Qe6 Qd7 52. Qxd7+ Kxd7 53. Kf1 Rb8 54. Nb6+ Kd8 55. Rh8+ Kc7 56. Rxb8 Kxb8 57. Nc4 Kb7 58. Ke2 Ka6 59. f4 Bxa5 60. Nxa5 Kxa5 61. g4 Kb4 62. g5 fxg5 63. fxg5 Kxb3 64. g6 c4 65. g7 c3 66. g8=Q Kb2 67. Qb8+ Kc1 68. Qb3 c2 69. Kd3 Kd1 70. Qxc2+ Ke1 71. Qe2# 1-0

[Event "36th National Sub Junior 2019"]
[Site "Tiruchengode"]
[Date "2019.07.15"]
[Round "9.2"]
[White "Poorna Sri M.K"]
[Black "Jyothsna L"]
[Result "0-1"]
[ECO "C10"]
[WhiteElo "1681"]
[BlackElo "1939"]
[Annotator "NA RC"]
[PlyCount "76"]
[EventDate "2019.07.09"]
[EventCountry "IND"]
[SourceTitle "playchess.com"]
[Source "ChessBase"]
[SourceQuality "1"]
[TimeControl "5400+30"]

1. e4 e6 2. d4 d5 3. Nc3 h6 4. exd5 exd5 5. Bd3 Nc6 6. Be3 a6 7. a3 Nf6 8. h3 Bd6 9. Nf3 O-O 10. O-O Ne7 11. Ne2 $11 Ng6 12. c4 dxc4 13. Bxc4 b5 14. Bd3 Bb7 15. Bxg6 Bxf3 16. Bc2 Bb7 17. Nf4 Qd7 18. f3 Rfe8 19. Qd3 Rad8 20. Nh5 Nxh5 21. Qh7+ Kf8 22. Bxh6 Bh2+ 23. Kh1 Ng3+ 24. Kxh2 Nxf1+ 25. Kh1 Ng3+ 26. Kh2 Nf1+ 27. Kh1 Ng3+ 28. Kh2 Qxd4 29. Rd1 Qf6 30. Be3 Rxd1 31. Bc5+ Rd6 32. Qh8+ Ke7 33. Qh7 Kd8 34. Bxd6 Qxd6 35. Qh4+ f6 36. Qxg3 Qxg3+ 37. Kxg3 Re2 38. Bf5 Rxb2 0-1

[Event "36th National Sub Junior 2019"]
[Site "Tiruchengode"]
[Date "2019.07.15"]
[Round "9.4"]
[White "Bristy Mukherjee"]
[Black "Arushi Kotwal"]
[Result "1-0"]
[ECO "C00"]
[WhiteElo "1862"]
[BlackElo "1744"]
[Annotator "NA RC"]
[PlyCount "113"]
[EventDate "2019.07.09"]
[EventCountry "IND"]
[SourceTitle "playchess.com"]
[Source "ChessBase"]
[SourceQuality "1"]
[TimeControl "5400+30"]

1. e4 e6 2. d3 d5 3. Nd2 Nf6 4. Ngf3 dxe4 5. dxe4 Nc6 6. c3 Bc5 7. h3 a6 (7... e5 $11 {keeps the balance.}) 8. Qc2 h6 9. e5 Nd5 10. Ne4 Bb6 11. Ng3 Nde7 {[%emt 0:11:19] [#]} ({Black should try} 11... O-O $14) 12. Nh5 $1 Qd5 13. Bf4 Kf8 14. Bd3 $18 Bd7 15. Be4 Qa5 16. b4 Nxb4 17. cxb4 Qxb4+ 18. Bd2 Qa3 19. Rb1 Ba4 20. Qc4 Bb5 21. Qb3 Qc5 22. Nf4 Qxf2+ 23. Kd1 Rd8 24. a4 Be3 25. Rb2 Bf1 26. Kc1 Bxd2+ 27. Rxd2 Rxd2 28. Nxd2 Qxf4 29. Rxf1 Qxe5 30. Bxb7 Nd5 31. Bxd5 exd5 32. Qb8+ Qe8 33. Qxc7 Kg8 34. a5 f6 35. Rf3 Qe1+ 36. Kc2 Qe6 37. Rg3 Qf5+ 38. Kd1 Qh5+ 39. Kc1 Qf7 40. Rc3 h5 41. Qxf7+ Kxf7 42. Rc6 Ra8 43. Nb3 Rb8 44. Kc2 Ra8 45. Nc5 Ke7 46. Kc3 g5 47. Rxa6 Rc8 48. Kd4 f5 49. Rh6 h4 50. a6 g4 51. a7 Ra8 52. hxg4 fxg4 53. Rxh4 g3 54. Rh6 Rxa7 55. Rh7+ Kd6 56. Rxa7 Kc6 57. Rg7 1-0